 Dungeon Crawl Stone Soup version 0.27.1-3-gb3d3a73c9e (webtiles) character file.

Game seed: 3204203007179181799

61 pkoi the Slasher (level 3, -5/30 HPs)
             Began as a Minotaur Gladiator on Oct 15, 2021.
             Killed from afar by Natasha (7 damage)
             ... with a magic dart
             ... on level 2 of the Dungeon.
             The game lasted 00:01:19 (1317 turns).

pkoi the Slasher (Minotaur Gladiator)               Turns: 1317, Time: 00:01:20

Health: -5/30      AC:  4    Str: 19    XL:     3   Next: 83%
Magic:  2/2        EV: 12    Int:  5    God:
Gold:   32         SH:  0    Dex: 11    Spells: 2/2 levels left

rFire    . . .     SeeInvis .   a - +0 long sword
rCold    . . .     Faith    .   (no shield)
rNeg     . . .     Spirit   .   b - +0 leather armour
rPois    .         Reflect  .   c - +1 hat
rElec    .         Harm     .   (no cloak)
rCorr    .         Rampage  .   (no gloves)
Will     .....                  (no boots)
Stlth    +.........             (no amulet)
HPRegen  0.10/turn              (no ring)
MPRegen  0.08/turn              (no ring)

@: no status effects
A: horns 2, retaliatory headbutt
a: no special abilities


You were on level 2 of the Dungeon.
You visited 1 branch of the dungeon, and saw 2 of its levels.

You collected 32 gold pieces.

Inventory:

Hand Weapons
 a - a +0 long sword (weapon)
Missiles
 d - 3 throwing nets (quivered)
 j - 4 boomerangs
 k - 14 poisoned darts
Armour
 b - a +0 leather armour (worn)
 c - a +1 hat (worn)
Scrolls
 h - a scroll of noise
Potions
 f - a potion of berserk rage {unknown}
 m - a potion of might {unknown}


   Skills:
 - Level 2.4 Fighting
 + Level 5.7 Long Blades
 - Level 2.0 Throwing
 - Level 3.3 Dodging


You had 2 spell levels left.
You didn't know any spells.
Your spell library was empty.

Dungeon Overview and Level Annotations

Branches:
Dungeon (2/15)

Altars:

Shops:
D:2 :?

Annotations:
D:2 Natasha


Innate Abilities, Weirdness & Mutations

You have a pair of horns on your head.
You reflexively headbutt those who attack you in melee.


Message History

You slash the endoplasm!
You kill the endoplasm!
A bat comes into view.
The bat barely misses you. You furiously retaliate!
You headbutt the bat!
You kill the bat!
Found a scroll labelled DISEPI HOIMNOR.
l - a scroll labelled VUTA CAIM OVET
m - a pink potion
As you read the scroll labelled VUTA CAIM OVET, it crumbles to dust.
It is a scroll of amnesia.
You feel forgetful for a moment.
As you read the scroll labelled DISEPI HOIMNOR, it crumbles to dust.
You feel strangely unstable.
It was a scroll of teleportation.
Unknown command.
As you read the scroll labelled KOTWOFARRE, it crumbles to dust.
You hear a loud clanging noise!
It was a scroll of noise.
You hear a shout! x3; You hear an angry hiss. x2; You hear a shout!
You hear an angry hiss.
You hear a shout!
As you read the scroll labelled VOL WIUMUCLAU, it crumbles to dust.
You speak a Word of immense power!
It was a scroll of holy word.
Your surroundings suddenly seem different.
A frilled lizard and a giant cockroach come into view.
Found a club.
Found Ytopnib's Magic Scroll Shop.
The frilled lizard barely misses you.
The gnoll hits you from afar with a +2 spear of distortion!
* * * LOW HITPOINT WARNING * * *
You blink.
The gnoll closely misses you. x2
Natasha, Servant of Life and Death comes into view.
As you read the scroll labelled PERAOBO ORAI, it crumbles to dust.
It is a scroll of enchant armour.
Your +0 hat glows green for a moment.
The gnoll hits you from afar with a +2 spear of distortion.
* * * LOW HITPOINT WARNING * * *
Space bends around you.
* * * LOW HITPOINT WARNING * * *
Natasha casts a spell at you. The magic dart hits you!
You die...

. . #......# .
.. #......# .∩
...#......##.
............
........).#
..........###
........Bgg.#
...
##'#.####.l.###
... ......gg@.#
..$ .########.#
... .# ... .#
... .. ### #h
.# ..


You could see Natasha, 4 gnolls, a giant cockroach and a frilled lizard.

Vanquished Creatures
  Natasha (D:2)
  A dart slug (D:1)
  4 bats
  4 endoplasms
  A giant cockroach (D:1)
  4 goblins
  4 hobgoblins
  2 quokkas (D:1)
  A ball python (D:1)
  A frilled lizard (D:1)
  4 kobolds (D:1)
  2 rats (D:1)
29 creatures vanquished.

Notes
Turn   | Place    | Note
-------+----------+-------------------------------------------
     0 | D:1      | pkoi the Minotaur Gladiator began the quest for the Orb.
     0 | D:1      | Reached XP level 1. HP: 18/18 MP: 0/0
    44 | D:1      | Reached skill level 4 in Long Blades
   109 | D:1      | Reached XP level 2. HP: 21/25 MP: 1/1
   994 | D:1      | Reached skill level 5 in Long Blades
   994 | D:1      | Reached XP level 3. HP: 23/30 MP: 2/2
  1263 | D:2      | Noticed Natasha
  1273 | D:2      | Killed Natasha
  1274 | D:2      | Found Fuill's Book Shoppe.
  1314 | D:2      | Found Ytopnib's Magic Scroll Shop.
  1316 | D:2      | Noticed Natasha
  1317 | D:2      | Killed from afar by Natasha

Illustrated notes

Levels and vault maps discovered:
D:1:      roderic_crop_circles_arrival_small, layout_basic
D:2:      layout_basic, basic_altar, serial_shops, shop, shop,
          nicolae_shop_waterfront, roderic_lattice_a, uniq_terence, uniq_natasha

Skill      XL: |  1  2 |
---------------+-------+-----
Long Blades    | 4 5 |  5.7
Fighting       | |  2.4
Throwing       | |  2.0
Dodging        | |  3.3

Action                   || total
-------------------------++-------
Melee: Long sword        ||    51
       Headbutt          ||     6
  Use: Scroll            ||     5
Armor: Leather armour    ||     6
Dodge: Dodged            ||    36
       Rpst.: Long sword ||     8
